Map: Romantizid LE

Players

Hydropic

  • Race: Zerg Zerg
  • League: Diamond
  • Spawn Location: 5:00

DOOMSAY - Winner!

  • Race: Protoss Protoss
  • Spawn Location: 11:00

VOD

Have the link to the VOD?

Description

Time

  • Played on: Jan. 13, 2021, 8:22 a.m.
  • Length: 14:59
Show
View Real Time Build Order
Export as new Build Order

Hydropic Zerg 

Build Orders: Hatch First, Lurkers 

Get SALT Encoding   

  12  0:00  Drone  
  13  0:13  Overlord  
  13  0:18  Drone  
  14  0:31  Drone x2  
  16  0:36  Drone  
  17  0:52  Hatchery  
  17  0:55  Drone  
  17  0:59  Drone  
  18  1:08  Extractor  
  17  1:14  Spawning Pool  
  17  1:17  Drone  
  17  1:21  Drone  
  18  1:29  Drone  
  19  1:42  Overlord  
  19  1:52  Drone  
  20  2:00  Queen  
  22  2:02  Drone  
  22  2:04  Drone, Queen  
  26  2:11  Drone  
  27  2:16  Metabolic Boost  
  27  2:22  Drone  
  28  2:24  Drone  
  29  2:35  Hatchery  
  29  2:36  Zergling x2  
  29  2:39  Zergling x2  
  29  2:42  Drone  
  31  2:45  Drone  
  31  2:49  Drone  
  33  2:56  Drone  
  33  2:57  Queen  
  36  3:01  Overlord  
  36  3:15  Overlord  
  36  3:20  Drone x6  
  36  3:21  Drone  
  43  3:28  Roach Warren  
  42  3:34  Extractor  
  42  3:35  Queen  
  42  3:38  Drone  
  42  3:39  Drone x2  
  46  3:44  Drone x4  
  50  3:52  Overlord x2  
  50  4:02  Overlord  
  50  4:13  Queen  
  50  4:16  Roach x6  
  64  4:18  Drone x2  
  64  4:22  Drone x3  
  64  4:23  Drone  
  70  4:28  Drone  
  70  4:31  Drone x2  
  73  4:38  Lair  
  73  4:59  Overlord  
  73  5:00  Extractor, Overlord x2  
  73  5:04  Drone, Extractor  
  73  5:05  Drone x2  
  72  5:22  Spore Crawler  
  72  5:25  Roach x7  
  81  5:30  Spore Crawler  
  75  5:36  Drone  
  75  5:37  Drone x6  
  75  5:42  Queen  
  78  5:43  Spore Crawler  
  81  5:50  Extractor, Roach x3  
  81  5:56  Drone x4  
  88  6:01  Overseer  
  88  6:10  Drone x3  
  91  6:11  Drone  
  91  6:12  Drone x2  
  92  6:33  Overlord x2  
  92  6:36  Hatchery  
  92  6:39  Pneumatized Carapace  
  91  6:47  Roach  
  91  6:48  Roach x2  
  91  6:51  Hydralisk Den  
  91  6:53  Zergling x2  
  91  6:54  Zergling x10  
  102  7:11  Drone x3  
  102  7:12  Drone x5  
  109  7:22  Hydralisk x3  
  108  7:23  Overlord x2  
  114  7:33  Overlord x3  
  114  7:39  Overlord  
  114  7:44  Hydralisk x6  
  114  7:45  Hydralisk  
  128  7:54  Drone x7  
  128  7:55  Queen  
  137  7:58  Drone x2  
  137  7:59  Drone x3  
  137  8:01  Extractor, Lurker Den  
  140  8:11  Roach x4  
  148  8:16  Hydralisk  
  148  8:17  Hydralisk x2  
  154  8:21  Hydralisk x3  
  160  8:32  Evolution Chamber  
  160  8:33  Evolution Chamber, Overlord x2  
  158  8:35  Overlord x2  
  158  8:47  Overseer  
  158  8:56  Ravager x7  
  158  8:58  Zergling x6  
  158  8:59  Zergling x24  
  180  9:06  Hydralisk x2, Zerg Missile Weapons Level 1  
  180  9:08  Drone x5  
  185  9:12  Zerg Ground Armor Level 1  
  185  9:25  Lurker x2  
  185  9:33  Drone x4  
  185  9:34  Drone x3  
  185  9:36  Extractor  
  191  9:46  Drone  
  184  9:55  Overlord  
  184  9:56  Hatchery, Overlord  
  182  10:03  Lurker x7  
  182  10:04  Lurker  
  190  10:15  Infestation Pit  
  189  10:27  Drone x3  
  189  10:28  Drone x3  
  194  10:29  Extractor  
  194  10:36  Spire, Muscular Augments  
  184  11:06  Hydralisk  
  184  11:07  Hydralisk x11  
  186  11:12  Hydralisk  
  186  11:18  Drone x3, Queen  
  189  11:22  Drone x3  
  192  11:32  Hydralisk x4  
  157  11:33  Hydralisk  
  157  11:39  Hydralisk x2  
  151  11:40  Hydralisk x2  
  151  11:42  Lurker  
  151  11:43  Lurker x2  
  153  11:47  Grooved Spines  
  153  11:51  Zergling x14  
  152  11:54  Queen  
  154  12:01  Hydralisk  
  154  12:02  Hydralisk x6  
  137  12:15  Hydralisk  
  137  12:16  Hydralisk x5  
  137  12:21  Hydralisk  
  137  12:22  Hydralisk  
  121  12:28  Hydralisk x3  
  104  12:30  Overlord x2  
  104  12:34  Drone x7  
  111  12:45  Infestor  
  111  12:46  Infestor  
  111  12:49  Drone x3  
  118  12:51  Extractor  
  117  13:06  Hydralisk x6  
  117  13:08  Zergling x10  
  134  13:16  Extractor  
  133  13:21  Roach x6  
  145  13:36  Infestor x2  
  149  13:42  Roach  
  149  13:43  Roach x7  
  149  13:48  Roach x3  
  171  13:53  Roach x3  
  179  13:58  Hydralisk x2  
  129  14:10  Hydralisk x4  
  131  14:19  Hydralisk  
  131  14:20  Hydralisk x2  
  131  14:24  Hydralisk  
  81  14:36  Zergling x2  
  81  14:37  Zergling x12  
Show
View Real Time Build Order
Export as new Build Order

DOOMSAY Protoss - Winner!

Build Orders: 1 Gate Expand, Oracle Opening 

Get SALT Encoding   

  12  0:00  Probe  
  13  0:12  Probe  
  14  0:19  Pylon  
  14  0:24  Probe  
  15  0:37  Gateway  
  15  0:39  Probe (Chrono Boost)  
  16  0:47  Assimilator  
  16  0:49  Probe (Chrono Boost)  
  17  0:53  Probe (Chrono Boost)  
  18  1:05  Probe  
  19  1:18  Probe  
  20  1:25  Nexus  
  20  1:38  Cybernetics Core  
  20  1:40  Probe  
  20  1:45  Assimilator  
  21  1:52  Pylon  
  21  1:53  Probe  
  22  2:05  Probe  
  23  2:11  Warp Gate (Chrono Boost)  
  23  2:13  Gateway  
  23  2:17  Probe  
  24  2:25  Stalker  
  24  2:29  Probe  
  27  2:38  Probe  
  27  2:41  Probe  
  29  2:51  Stargate, Probe  
  29  2:53  Probe  
  30  3:02  Adept  
  30  3:03  Probe (Chrono Boost)  
  30  3:04  Sentry  
  30  3:05  Probe (Chrono Boost)  
  36  3:15  Probe (Chrono Boost)  
  36  3:17  Probe (Chrono Boost)  
  36  3:18  Pylon  
  38  3:20  Probe (Chrono Boost)  
  38  3:22  Probe (Chrono Boost)  
  40  3:29  Probe  
  40  3:31  Oracle (Chrono Boost), Probe  
  45  3:41  Probe  
  45  3:43  Pylon  
  45  3:44  Probe  
  47  3:59  Probe x2  
  47  4:01  Assimilator  
  49  4:03  Stalker x2, Assimilator  
  49  4:07  Oracle (Chrono Boost)  
  56  4:15  Forge  
  56  4:16  Probe  
  56  4:17  Probe  
  58  4:29  Zealot x2  
  62  4:34  Gateway x2  
  62  4:36  Twilight Council  
  62  4:45  Pylon  
  62  4:46  Pylon  
  62  4:59  Pylon  
  62  5:00  Pylon  
  62  5:02  Protoss Ground Weapons Level 1 (Chrono Boost)  
  62  5:03  Pylon, Probe x2  
  64  5:12  Robotics Facility  
  64  5:15  Probe  
  65  5:28  Probe  
  65  5:29  Probe  
  67  5:56  Zealot x4  
  75  6:01  Robotics Bay  
  75  6:02  Warp Prism  
  77  6:10  Nexus  
  77  6:11  Probe x2  
  79  6:13  Pylon  
  79  6:15  Pylon  
  79  6:17  Pylon  
  79  6:19  Zealot x3  
  79  6:20  Zealot  
  87  6:39  Observer (Chrono Boost)  
  88  6:45  Charge (Chrono Boost)  
  88  6:56  Probe x2, Templar Archives  
  88  6:57  Protoss Ground Armor Level 1 (Chrono Boost)  
  90  7:03  Zealot x3  
  90  7:04  Zealot  
  98  7:08  Photon Cannon  
  98  7:09  Photon Cannon  
  98  7:10  Pylon  
  98  7:12  Photon Cannon  
  98  7:25  Stalker x2  
  98  7:26  Stalker x2  
  106  7:35  Gateway  
  106  7:36  Gateway, Probe x2  
  108  7:37  Probe  
  108  7:39  Gateway  
  108  7:40  Gateway  
  109  7:44  Colossus (Chrono Boost)  
  109  7:48  Probe  
  116  8:03  Photon Cannon  
  116  8:04  Probe x2 (Chrono Boost)  
  116  8:05  Probe (Chrono Boost)  
  119  8:06  Photon Cannon  
  119  8:07  Shield Battery  
  119  8:11  Shield Battery  
  119  8:12  Assimilator  
  119  8:14  High Templar x4, Probe x2 (Chrono Boost)  
  119  8:16  Assimilator  
  119  8:18  Archon x2  
  132  8:35  Colossus (Chrono Boost)  
  135  8:44  High Templar x3  
  135  8:45  High Templar, Extended Thermal Lance (Chrono Boost)  
  143  8:50  Archon  
  143  8:51  Archon  
  143  8:53  Zealot  
  143  8:54  Zealot x2  
  149  8:59  Pylon  
  149  9:01  Pylon  
  149  9:03  Pylon  
  149  9:04  Pylon  
  149  9:30  Stalker x3  
  149  9:31  Stalker x4  
  159  9:32  Stalker  
  159  9:33  Nexus  
  159  9:37  Pylon  
  165  9:38  Pylon  
  165  9:41  Pylon  
  159  10:02  High Templar  
  159  10:03  High Templar x4  
  159  10:06  Archon  
  169  10:07  Archon  
  169  10:08  High Templar  
  169  10:09  Zealot x2  
  175  10:15  Gateway  
  175  10:16  Gateway  
  175  10:17  Archon  
  175  10:18  Gateway  
  175  10:21  Gateway  
  181  10:28  Pylon  
  181  10:29  Protoss Ground Weapons Level 2 (Chrono Boost)  
  181  10:31  Pylon  
  181  10:48  Observer (Chrono Boost)  
  176  11:12  Zealot x6  
  176  11:13  Zealot x4  
  176  11:15  Gravitic Boosters (Chrono Boost)  
  176  11:17  Observer  
  185  11:37  Zealot x3  
  185  11:38  Zealot x4  
  199  11:53  Nexus  
  197  11:55  Photon Cannon  
  197  11:58  Photon Cannon  
  197  12:00  Photon Cannon  
  197  12:02  Pylon  
  197  12:05  Pylon  
  154  12:29  Colossus (Chrono Boost)  
  154  12:36  High Templar x6  
  154  12:37  High Templar x6  
  174  12:41  Archon  
  174  12:42  Archon x4  
  174  12:43  Archon  
  180  13:04  Assimilator  
  180  13:09  Assimilator  
  180  13:12  Zealot x6  
  188  13:13  Nexus, Zealot x4  
  188  13:18  Pylon x2  
  200  13:21  Pylon  
  200  13:24  Pylon  
  200  13:36  Nexus  
  200  13:39  Pylon  
  200  13:40  Pylon  
  133  14:41  Zealot x3  
  133  14:42  Zealot x6  
  133  14:43  Zealot x3  
Tags
 
Add a new tag
Caveats
  • Supply blocks, unpowered buildings, or Contaminate may cause inaccurate times.
  • Supply counts are checked every 10 seconds.